 Dungeon Crawl Stone Soup version 0.26.1-2-gb8aa6d0cf2 (webtiles) character file.

Game seed: 15791504971396142256

112 StrictlyMummy the Magician (level 4, -1/30 HPs)
             Began as a Mummy Venom Mage on Mar 8, 2021.
             Slain by Purgy (8 damage)
             ... in a sewer.
             The game lasted 00:10:35 (3087 turns).

StrictlyMummy the Magician (Mummy Venom Mage)       Turns: 3087, Time: 00:10:36

Health: -1/30      AC:  3    Str: 11    XL:     4   Next: 63%
Magic:  2/8        EV: 12    Int: 15    God:
Gold:   44         SH:  0    Dex: 12    Spells: 5/8 levels left

rFire    x . .     SeeInvis .   h - +0 dagger
rCold    + . .     Faith    .   (no shield)
rNeg     + + +     Spirit   .   a - +0 robe
rPois    ∞         Reflect  .   (no helmet)
rElec    .         Harm     .   (no cloak)
rCorr    .         Rampage  .   k - +0 pair of gloves
Will     .....                  (no boots)
Stlth    ++........             (no amulet)
HPRegen  0.10/turn              (no ring)
MPRegen  0.11/turn              (no ring)

@: no status effects
A: no potions, fire vulnerability, cold resistance 1, negative energy resistance
3, torment resistance, unbreathing
a: no special abilities


You were in a sewer.
You visited 1 branch of the dungeon, and saw 3 of its levels.
You also visited: Sewer.

You collected 44 gold pieces.

Inventory:

Hand Weapons
 h - a +0 dagger (weapon)
   (You took it off a goblin on level 2 of the Dungeon)
 j - a +0 hand crossbow
   (You found it on level 3 of the Dungeon)
Missiles
 e - 20 sling bullets
Armour
 a - a +0 robe (worn)
 d - a +0 leather armour
   (You found it on level 2 of the Dungeon)
 g - a +0 ring mail
   (You found it on level 3 of the Dungeon)
 k - a +0 pair of gloves (worn)
   (You found it on level 3 of the Dungeon)
Wands
 c - a wand of digging (7) {@v3}
   (You found it on level 2 of the Dungeon)
Scrolls
 b - 2 scrolls of identify {unknown}
 f - 2 scrolls of fear {unknown}
 i - 2 scrolls of teleportation {unknown}
 l - a scroll of blinking {unknown}


   Skills:
 + Level 0.0 Fighting
 + Level 0.2(0.6) Short Blades
 + Level 0.9(1.0) Long Blades
 + Level 0.3(0.6) Axes
 + Level 0.8(1.0) Maces & Flails
 + Level 0.2(0.4) Polearms
 + Level 0.3(0.7) Staves
 + Level 0.3(0.4) Slings
 + Level 0.3 Bows
 + Level 0.2 Crossbows
 + Level 0.2(0.3) Throwing
 + Level 0.2 Armour
 + Level 1.6 Dodging
 + Level 1.7 Stealth
 + Level 0.3 Shields
 + Level 0.3 Unarmed Combat
 + Level 2.7 Spellcasting
 + Level 0.2 Conjurations
 + Level 0.4 Hexes
 + Level 0.2 Summonings
 + Level 0.1 Necromancy
 + Level 0.2 Translocations
 + Level 0.8 Transmutations
 + Level 0.1 Fire Magic
 + Level 0.1 Ice Magic
 + Level 0.1 Air Magic
 + Level 0.1 Earth Magic
 + Level 2.5 Poison Magic
 + Level 0.2 Invocations
 + Level 0.4 Evocations


You had 5 spell levels left.
You knew the following spells:

 Your Spells              Type           Power        Failure   Level
a - Sting                 Tmut/Pois      28%          11%         1
b - Poisonous Vapours     Pois/Air       12%          19%         2

Your spell library contained the following spells:

 Spells                   Type           Power        Failure   Level
 Ignite Poison            Fire/Tmut/Pois 5%           36%         3
 Mephitic Cloud           Conj/Pois/Air  5%           38%         3
 Olgreb's Toxic Radiance  Pois           9%           56%         4


Dungeon Overview and Level Annotations

Branches:
Dungeon (3/15)              Sewer (1/1)

Altars:
Gozag
Zin

Annotations:
Sewer Purgy


Innate Abilities, Weirdness & Mutations

You do not drink.
Your flesh is vulnerable to fire.
You are immune to poison.
Your flesh is cold resistant. (rC+)
You are immune to negative energy. (rN+++)
You are immune to unholy pain and torment.
You can survive without breathing.


Message History

Press: ? - help, Shift-Dir - straight line, f/p - river rat
Aim: a river rat (lightly wounded, poisoned, 36% to evade)
The sting hits the river rat but does no damage.
The river rat looks even sicker.
The river rat is lightly wounded.
The river rat bites you.
Your magical contamination has completely faded away.
You kill the river rat!
Casting: Sting (safe; 11% risk of failure)
Confirm with . or Enter, or press ? or * to list all spells.
Aiming: Sting (safe; 11% risk of failure)
Press: ? - help, Shift-Dir - straight line, f - giant cockroach
Aim: a giant cockroach (32% to evade)
The sting hits the giant cockroach but does no damage.
The giant cockroach is poisoned.
You hit the giant cockroach but do no damage.
The giant cockroach is moderately wounded.
The giant cockroach bites you.
You hit the giant cockroach.
The giant cockroach is almost dead.
You kill the giant cockroach!
b - 2 scrolls labelled XUUTTARGH XUTHRI (gained 1)
You enter the shallow water.
Moving in this stuff is going to be slow.
There is a glowing drain here.
The world spins around you as you enter the gateway.
You enter a sewer!
Found a gate leading back out of this place.
There is an empty arch of ancient stone here.
You start resting.
Magic restored.
HP restored.
You open the door.
There is an open door here.
You open the door.
A kobold comes into view.
Casting: Sting (safe; 11% risk of failure)
Confirm with . or Enter, or press ? or * to list all spells.
Aiming: Sting (safe; 11% risk of failure)
Press: ? - help, Shift-Dir - straight line, f - kobold
Aim: a kobold, quivering 5 stones (asleep, 0% to evade)
The sting hits the kobold.
The kobold is poisoned.
The kobold is moderately wounded.
The kobold shouts!
You kill the kobold!
There is an open door here.
Things that are here:
5 stones; a kobold corpse
There is an open door here.
You open the door.
Found a scroll labelled KOREUWNOUP.
There is an open door here.
l - a scroll labelled KOREUWNOUP
There is an open door here.
As you open the door, it creaks loudly!
Purgy the Meek comes into view.
Purgy shouts!
Purgy bites you. Purgy claws you. x2
Casting: Sting (safe; 11% risk of failure)
Confirm with . or Enter, or press ? or * to list all spells.
Aiming: Poisonous Vapours (safe; 19% risk of failure)
Press: ? - help, Dir - move target, f - Purgy
Aim: Purgy Poisonous vapours surround Purgy!
Purgy is engulfed in poison gas.
Purgy is poisoned.
Purgy bites you. Purgy claws you. x2
Casting: Poisonous Vapours (safe; 19% risk of failure)
Confirm with . or Enter, or press ? or * to list all spells.
Aiming: Poisonous Vapours (safe; 19% risk of failure)
Press: ? - help, Dir - move target, f/p - Purgy
Aim: Purgy (lightly wounded, poisoned) Poisonous vapours surround Purgy!
Purgy is engulfed in poison gas.
Purgy looks even sicker.
Purgy closely misses you. x2
Purgy barely misses you.
Casting: Poisonous Vapours (safe; 19% risk of failure)
Confirm with . or Enter, or press ? or * to list all spells.
Aiming: Sting (safe; 11% risk of failure)
Press: ? - help, Shift-Dir - straight line, f/p - Purgy
Aim: Purgy (lightly wounded, very poisoned, 40% to evade)
The sting hits Purgy.
Purgy looks even sicker.
Purgy is moderately wounded.
Purgy bites you. Purgy misses you. Purgy barely misses you.
Casting: Sting (safe; 11% risk of failure)
Confirm with . or Enter, or press ? or * to list all spells.
Aiming: Sting (safe; 11% risk of failure)
Press: ? - help, Shift-Dir - straight line, f/p - Purgy
Aim: Purgy (moderately wounded, very poisoned, 40% to evade)
The sting hits Purgy.
Purgy looks as sick as possible!
Purgy is moderately wounded.
Purgy closely misses you. Purgy claws you.
* * * LOW HITPOINT WARNING * * *
Purgy closely misses you.
Casting: Sting (safe; 11% risk of failure)
Confirm with . or Enter, or press ? or * to list all spells.
Aiming: Sting (safe; 11% risk of failure)
Press: ? - help, Shift-Dir - straight line, f/p - Purgy
Aim: Purgy (lightly wounded, very poisoned, 40% to evade)
The sting hits Purgy.
Purgy looks even sicker.
Purgy is moderately wounded.
Purgy bites you!
You die...

### #∩# #.#
#+##+##.##+##+##+#
.................#######
≈≈≈≈≈≈≈.≈≈≈≈≈≈≈≈≈#≈≈≈≈≈≈
≈≈≈≈≈≈≈∩≈≈≈≈≈≈≈≈≈#≈≈≈≈≈≈
≈≈≈≈≈≈≈.≈≈≈≈≈≈≈≈≈#≈≈≈≈≈≈
.......@T........#
#+##+##'##'##'##'#
#.##(##.##.#
#.##.##.##.#
############


You could see Purgy (very poisoned).

Vanquished Creatures
  3 adders (D:2)
  3 river rats (D:3)
  A worm (D:2)
  A dart slug (D:1)
  A leopard gecko (D:3)
  4 giant cockroaches
  5 goblins
  5 hobgoblins
  2 jackals (D:1)
  6 kobolds
  3 ball pythons (D:1)
  8 bats
  4 frilled lizards
  5 rats
51 creatures vanquished.

Notes
Turn   | Place    | Note
-------+----------+-------------------------------------------
     0 | D:1      | StrictlyMummy the Mummy Venom Mage began the quest for the
                  | Orb.
     0 | D:1      | Reached XP level 1. HP: 13/13 MP: 4/4
   198 | D:1      | You miscast Sting.
   199 | D:1      | You miscast Sting.
   226 | D:1      | You miscast Sting.
   423 | D:1      | You miscast Sting.
   429 | D:1      | Reached XP level 2. HP: 19/19 MP: 0/5
   555 | D:1      | Learned a level 2 spell: Poisonous Vapours
   686 | D:1      | You miscast Sting.
   849 | D:1      | You miscast Poisonous Vapours.
   850 | D:1      | You miscast Poisonous Vapours.
  1731 | D:2      | Found a glowing silver altar of Zin.
  1773 | D:2      | Reached XP level 3. HP: 24/24 MP: 5/7
  1773 | D:2      | You miscast Poisonous Vapours.
  2045 | D:2      | Reached XP level 4. HP: 5/30 MP: 1/8
  2389 | D:2      | Found an opulent altar of Gozag.
  2509 | D:2      | You miscast Sting.
  2875 | D:3      | Found a glowing drain.
  2926 | D:3      | You miscast Sting.
  2927 | D:3      | You miscast Sting.
  2973 | Sewer    | Entered a sewer
  3073 | Sewer    | Noticed Purgy
  3087 | Sewer    | Slain by Purgy

Illustrated notes

Levels and vault maps discovered:
D:1:      heliophobic_arrival_henge, layout_basic
D:2:      wad_pebble_path, layout_basic, grunt_gozag_breadcrumbs,
          old_standard_altar, hangedman_decor_clover_reticule
D:3:      layout_loops_corners, gammafunk_temple_overflow_elements,
          portal_sewer_entry_b, gammafunk_ghost_cemetery, uniq_sigmund
Sewer:    kennysheep_door_sewer

Action                   |  1- 3 |  4- 6 || total
-------------------------+-------+-------++-------
Melee: Unarmed           |    11 |       ||    11
       Dagger            |     1 |     9 ||    10
 Cast: Sting             |    46 |    19 ||    65
       Poisonous Vapours |     7 |     4 ||    11
 Stab: Sleeping          |       |     1 ||     1
Armor: Robe              |    19 |     5 ||    24
Dodge: Dodged            |    40 |    17 ||    57
